 Dungeon Crawl Stone Soup version 0.19-a0-1922-g1e9a4c1 (webtiles) character file.

326 varam the Ruffian (level 6, -5/59 HPs)
             Began as a Troll Monk on Oct 24, 2016.
             Slain by varam's ghost (12 damage)
             ... on level 5 of the Dungeon.
             The game lasted 00:02:54 (1464 turns).

varam the Ruffian (Troll Monk)                      Turns: 1464, Time: 00:02:55

Health: -5/59      AC:  5    Str: 20    XL:     6   Next: 24%
Magic:  5/5        EV: 10    Int:  6    God:
Gold:   77         SH:  0    Dex: 14    Spells: 0 memorised, 5 levels left

rFire  . . .     SeeInvis .       - Unarmed
rCold  . . .     Gourm    +     a - +0 robe
rNeg   . . .     Faith    .     (no shield)
rPois  .         Spirit   .     (helmet restricted)
rElec  .         Reflect  .     (no cloak)
rCorr  .         Harm     .     (gloves unavailable)
MR     .....                    (boots unavailable)
Stlth  ++........               h - amulet of regeneration
                                (no ring)
                                (no ring)

@: lethally poisoned (-5 -> -5)
A: unfitting armour, claws 3, fast metabolism 3, gourmand, regeneration 1,
shaggy fur 1, tough skin 2
a: no special abilities


You were on level 5 of the Dungeon.
You were very full.

You visited 1 branch of the dungeon, and saw 5 of its levels.

You collected 77 gold pieces.

Inventory:

Missiles
 j - 50 stones (quivered)
Armour
 a - a +0 robe (worn)
Jewellery
 h - an amulet of regeneration (around neck)
Scrolls
 e - a scroll of magic mapping {unknown}
 k - a scroll of identify {unknown}
Potions
 c - a potion of might {unknown}
 d - a potion of curing {unknown}
 f - a potion of haste {unknown}
 i - 2 potions of degeneration {unknown}
Comestibles
 b - 3 bread rations
 g - 2 chunks of flesh


   Skills:
 - Level 2.4 Fighting
 - Level 2.4 Dodging
 - Level 1.0 Stealth
 + Level 7.1 Unarmed Combat


You had 5 spell levels left.
You didn't know any spells.

Dungeon Overview and Level Annotations

Branches:
Dungeon (5/15)
 Temple: D:4-7

Altars:
Qazlal

Annotations:
D:5 varam's ghost, novice TrMo


Innate Abilities, Weirdness & Mutations

You are too large for most types of armour.
You have claws for hands.
Your metabolism is lightning-fast.
You like to eat raw meat.
Your natural rate of healing is unusually fast.
You are covered in fur. (AC +1)
You have very tough skin. (AC +2)


Message History

Varam's ghost is heavily damaged.
Varam's ghost hits you.
* * * LOW HITPOINT WARNING * * *
You closely miss varam's ghost.
Varam's ghost is heavily damaged.
You feel sick.
You claw varam's ghost!
Varam's ghost is severely damaged.
Varam's ghost misses you.
You scratch varam's ghost but do no damage.
Varam's ghost is severely damaged.
You feel sick. Varam's ghost barely misses you.
Some of the chunks of flesh in your inventory have rotted away.
You scratch varam's ghost but do no damage.
Varam's ghost is severely damaged.
Varam's ghost barely misses you.
You closely miss varam's ghost.
Varam's ghost is severely damaged.
You feel sick. Varam's ghost hits you!
You die...

#..........
#.......... #.
.... #.#
#.###'###.#
#.#§§.≈≈#.#
#.#§.≈§≈#.+
#.'.≈.≈.'.#
###≈.§.≈#W#
#≈≈.≈≈#@#
####'###.#
#........#
#........#
#........+
###......########
###..#..........#
#................#
#................+


You could see varam's ghost.

Vanquished Creatures
  The ghost of varam the Ruffian, an amateur TrMo (D:4)
  A scorpion (D:5)
  An orc priest (D:3)
  An orc wizard (D:3)
  Ijyb (D:2)
  A worker ant (D:4)
  An adder (D:3)
  2 oozes
  3 dart slugs
  2 leopard geckos
  5 orcs (D:3)
  3 ball pythons
  7 bats
  3 giant cockroaches
  3 goblins (D:1)
  6 hobgoblins (D:1)
  3 jackals (D:1)
  3 kobolds
  A quokka (D:3)
  3 frilled lizards
  A leopard gecko zombie (D:5)
  A rat (D:1)
53 creatures vanquished.

Notes
Turn   | Place    | Note
-------+----------+-------------------------------------------
     0 | D:1      | varam the Troll Monk began the quest for the Orb.
     0 | D:1      | Reached XP level 1. HP: 22/22 MP: 0/0
     3 | D:1      | Noticed an electric eel
     3 | D:1      | Noticed an electric eel
    78 | D:1      | Reached XP level 2. HP: 26/29 MP: 1/1
   192 | D:1      | Reached skill level 4 in Unarmed Combat
   363 | D:1      | Reached XP level 3. HP: 36/36 MP: 2/2
   813 | D:2      | Noticed Ijyb
   818 | D:2      | Killed Ijyb
   818 | D:2      | Reached XP level 4. HP: 44/44 MP: 3/3
   830 | D:2      | Reached skill level 5 in Unarmed Combat
  1004 | D:4      | Noticed varam's ghost (amateur TrMo)
  1005 | D:4      | Found a stormy altar of Qazlal.
  1166 | D:3      | Reached XP level 5. HP: 39/50 MP: 4/4
  1273 | D:4      | Killed varam's ghost
  1273 | D:4      | Reached skill level 6 in Unarmed Combat
  1315 | D:4      | Reached XP level 6. HP: 59/59 MP: 5/5
  1374 | D:5      | Entered Level 5 of the Dungeon
  1447 | D:5      | Noticed varam's ghost (novice TrMo)
  1451 | D:5      | Reached skill level 7 in Unarmed Combat
  1464 | D:5      | Slain by varam's ghost

Vault maps used:
D:1:      arrival_aquarium_b, amethyst_killhole, minmay_misc_feat_nine_boxes
D:2:      minmay_door_path, nemelex_lonely_heart_becter, uniq_iyjb
D:3:      hangedman_glass_teeth
D:4:      nicolae_qazlal_general_emergency, minmay_unequal
D:5:      basic_altar, first_bread, kennysheep_generic_room_13

Skill      XL: |  1  2  3  4  5  6 |
---------------+-------------------+-----
Unarmed Combat | 4 5 6 7 |  7.1
Fighting       | |  2.4
Dodging        | |  2.4
Stealth        | |  1.0

Action                   |  1- 3 |  4- 6 || total
-------------------------+-------+-------++-------
Melee: Unarmed           |    70 |    83 ||   153
       Punch             |     1 |       ||     1
 Stab: Sleeping          |     1 |     1 ||     2
  Eat: Chunk             |    13 |     5 ||    18
Armor: Robe              |    44 |    22 ||    66
Dodge: Dodged            |    42 |    40 ||    82
